 Dungeon Crawl Stone Soup version 0.19-a0-1168-g98094fc (webtiles) character file.

149 amanita the Slasher (level 5, -1/26 HPs)
             Began as a Vine Stalker Gladiator on Aug 15, 2016.
             Slain by amanita's ghost (3 damage)
             ... on level 5 of the Dungeon.
             The game lasted 00:10:11 (535 turns).

amanita the Slasher (Vine Stalker Gladiator)         Turns: 535, Time: 00:10:12

Health: -1/26      AC:  9    Str: 15 (18) XL:     5   Next: 31%
Magic:  0/6        EV:  7    Int:  7 (8)  God:
Gold:   49         SH:  0    Dex: 12 (15) Spells: 0 memorised, 4 levels left

rFire  . . .     SeeInvis .     a - +0 long sword
rCold  . . .     Gourm    .     m - +0 chain mail
rNeg   . . .     Faith    .     (no shield)
rPois  .         Spirit   +     c - +0 helmet
rElec  .         Dismiss  .     (no cloak)
rCorr  .         Reflect  .     (no gloves)
MR     .....     Harm     .     (no boots)
Stlth  ..........               (no amulet)
                                (no ring)
                                (no ring)

@: about to teleport
A: fangs 2, regeneration 1, magic shield, antimagic bite, no device heal 3, rot
immunity
a: no special abilities


You were on level 5 of the Dungeon.
You were not hungry.

You visited 1 branch of the dungeon, and saw 5 of its levels.

You collected 49 gold pieces.

Inventory:

Hand Weapons
 a - a +0 long sword (weapon)
Armour
 b - a +0 leather armour
 c - a +0 helmet (worn)
 m - a +0 chain mail (worn)
Potions
 e - a potion of brilliance
 i - 3 potions of curing {unknown}
Comestibles
 f - a bread ration
 j - a meat ration


   Skills:
 - Level 1.7 Fighting
 + Level 5.3 Long Blades
 - Level 1.7 Throwing
 - Level 2.4 Dodging


You had 4 spell levels left.
You didn't know any spells.

Dungeon Overview and Level Annotations

Branches:
Dungeon (5/15)
 Temple: D:4-7

Altars:
Zin

Annotations:
D:5 amanita's ghost, amateur VSGl


Innate Abilities, Weirdness & Mutations

You have extremely sharp teeth.
Your natural rate of healing is unusually fast.
When hurt, damage is shared between your health and your magic reserves.
Your bite disrupts and absorbs the magic of your enemies.
Potions and wands cannot restore your health.
You are immune to rotting.


Message History

You hit the giant frog.
The giant frog is lightly wounded.
The giant frog hits you. The orc hits you but does no damage.
The giant frog hits you.
Amanita's ghost hits you but does no damage.
Unknown command.
As you read the scroll of teleportation, it crumbles to dust.
You feel strangely unstable. The giant frog closely misses you.
You riposte.
You slash the giant frog! Your bite misses the giant frog.
The giant frog is severely wounded.
The orc barely misses you.
You riposte.
You closely miss the orc.
Amanita's ghost hits you but does no damage.
You closely miss the giant frog.
The giant frog is severely wounded.
The giant frog hits you.
* * * LOW HITPOINT WARNING * * *
The orc barely misses you. The giant frog hits you.
* * * LOW HITPOINT WARNING * * *
Amanita's ghost hits you.
You die...

#...........#..#
#...........#..#
#...........#..#
#...........#..#
#...........#..#
#...........#..####
#...........#.....#
##...........##o##.#
.........#+#...W@F.#
.........# #########
.........#
.........#
.........#
.#.#.....#
.._......#
.#.#.....#
.........#


You could see a giant frog, amanita's ghost and an orc.

Vanquished Creatures
  An orc wizard (D:4)
  2 worker ants
  4 gnolls (D:3)
  An adder (D:2)
  A giant gecko (D:1)
  3 orcs (D:4)
  2 goblins
  2 hobgoblins (D:2)
  3 jackals (D:2)
  3 kobolds (D:1)
  A bat (D:1)
  3 giant newts (D:1)
  2 rats (D:1)
28 creatures vanquished.

Notes
Turn   | Place    | Note
-------+----------+-------------------------------------------
     0 | D:1      | amanita the Vine Stalker Gladiator began the quest for the Orb.
     0 | D:1      | Reached XP level 1. HP: 11/11 MP: 2/2
    35 | D:1      | Reached skill level 3 in Long Blades
    38 | D:1      | Reached XP level 2. HP: 15/15 MP: 3/3
   182 | D:2      | Reached XP level 3. HP: 16/18 MP: 4/4
   287 | D:3      | Reached skill level 4 in Long Blades
   325 | D:3      | Reached XP level 4. HP: 10/23 MP: 2/5
   327 | D:3      | HP: 1/23 [gnoll (5)]
   376 | D:4      | HP: 1/23 [orc wizard/puff of frost (4)]
   380 | D:4      | Reached skill level 5 in Long Blades
   380 | D:4      | Reached XP level 5. HP: 1/26 MP: 3/6
   472 | D:5      | Entered Level 5 of the Dungeon
   502 | D:5      | Found a glowing silver altar of Zin.
   509 | D:5      | Noticed amanita's ghost (amateur VSGl)
   535 | D:5      | Slain by amanita's ghost

Vault maps used:
D:1:      lightli_arrival_maybe_door_vault
D:2:      first_bread, gammafunk_pakellas_spire_experiment
D:3:      minmay_roachtagon, moated_statue, hangedman_decor_peaks_small,
          dk_vineyard_2, grunt_decor_cap, grunt_gozag_statues, uniq_terence,
          uniq_robin
D:5:      lightli_temple_of_fire, gammafunk_temple_overflow_forgotten,
          lemuel_crystal_altar

Skill      XL: |  1  2  3  4 |
---------------+-------------+-----
Long Blades    | 3 4 5 |  5.3
Fighting       | |  1.7
Throwing       | |  1.7
Dodging        | |  2.4

Action                   |  1- 3 |  4- 6 || total
-------------------------+-------+-------++-------
Melee: Long sword        |    50 |    43 ||    93
       Bite              |     7 |    15 ||    22
Throw: Throwing net      |     4 |     3 ||     7
  Use: Scroll            |       |     6 ||     6
       Potion            |       |     2 ||     2
 Stab: Sleeping          |     2 |       ||     2
       Held in net/web   |       |     3 ||     3
Armor: Leather armour    |    12 |     5 ||    17
       Chain mail        |       |    18 ||    18
Dodge: Dodged            |    31 |    26 ||    57
